 Dungeon Crawl Stone Soup version 0.25-a0-699-g25a338df49 (webtiles) character file.

Game seed: 7106658262928830578, levelgen mode: deterministic

1390 Hartz the Geomancer (level 8, -2/41 HPs)
             Began as a Gargoyle Earth Elementalist on Apr 2, 2020.
             Slain by Duvessa
             ... wielding a +5 short sword of speed
              (7 damage)
             ... on level 6 of the Dungeon.
             The game lasted 00:13:45 (5288 turns).

Hartz the Geomancer (Gargoyle Earth Elementalist)   Turns: 5288, Time: 00:13:46

Health: -2/41      AC: 13    Str: 12    XL:     8   Next: 68%
Magic:  6/16       EV: 12    Int: 18    God:
Gold:   275        SH:  0    Dex: 13    Spells: 9/18 levels left

rFire    . . .     SeeInvis +   n - +1 whip (venom)
rCold    . . .     Gourm    +   (no shield)
rNeg     + . .     Faith    .   c - +0 robe
rPois    ∞         Spirit   .   j - +2 helmet
rElec    +         Reflect  .   r - +0 cloak
rCorr    .         Harm     .   (no gloves)
MR       .....                  s - +1 pair of boots
Stlth    ++........             z - amulet of the gourmand
HPRegen  0.13/turn              f - ring of see invisible
MPRegen  0.15/turn              B - +3 ring of dexterity (curse)

@: no status effects
A: negative energy resistance 1, electricity resistance, unbreathing,
petrification resistance, rot immunity, AC +5
a: no special abilities


You were on level 6 of the Dungeon.
You were not hungry.

You visited 1 branch of the dungeon, and saw 6 of its levels.
You also visited: Ossuary.

You collected 275 gold pieces.

Inventory:

Hand Weapons
 e - a +1 flail of protection
 k - a +0 short sword
 n - a +1 whip of venom (weapon)
 q - a +2 flail of protection
Missiles
 b - 193 stones (quivered)
Armour
 c - a +0 robe (worn)
 i - a +2 hat
 j - a +2 helmet (worn)
 r - a +0 cloak (worn)
 s - a +1 pair of boots (worn)
Jewellery
 f - a ring of see invisible (left hand)
 y - an uncursed ring of fire
 z - an amulet of the gourmand (around neck)
 B - a cursed +3 ring of dexterity (right hand)
Wands
 t - a wand of disintegration (6)
 A - a wand of digging (5)
Scrolls
 a - a scroll of identify
 g - 3 scrolls of remove curse
 l - a scroll of fear
 p - a scroll of enchant armour
 v - a scroll of blinking
 x - 4 scrolls of teleportation
Potions
 h - a potion of lignification
 m - 2 potions of curing
 o - 2 potions of brilliance
 u - 4 potions of might
 w - 3 potions of magic
Comestibles
 d - 10 rations


   Skills:
 - Level 1.5 Dodging
 - Level 2.1 Stealth
 + Level 5.9 Spellcasting
 + Level 6.0 Conjurations
   Level 0.7 Transmutations
 + Level 8.2 Earth Magic


You had 9 spell levels left.
You knew the following spells:

 Your Spells              Type           Power        Failure   Level  Hunger
a - Sandblast             Erth           ####..       1%          1    None
b - Stone Arrow           Conj/Erth      ####..       1%          3    ##.....
c - Lee's Rapid Deconstr  Erth           ####......   12%         5    #####..

Your spell library contained the following spells:

 Spells                   Type           Power        Failure   Level  Hunger
 Passwall                 Tmut/Erth      ###.....     3%          2    None
 Petrify                  Tmut/Erth      ###.....     19%         4    ####...


Dungeon Overview and Level Annotations

Branches:
Dungeon (6/15)            Ossuary (visited)
 Temple: D:4-7

Altars:
Ashenzari
Cheibriados
Elyvilon
Makhleb
Trog

Annotations:
D:6 Duvessa


Innate Abilities, Weirdness & Mutations

You are resistant to torment.
Your stone body is resilient. (AC +5)
You are immune to poison.
You resist negative energy. (rN+)
You are resistant to electric shocks. (rElec)
You can survive without breathing.
You are immune to petrification.
You are immune to rotting.


Message History

Unknown command.
Casting: Lee's Rapid Deconstruction (slightly dangerous; 12% risk of failure)
Confirm with . or Enter, or press ? or * to list all spells.
Aiming: Lee's Rapid Deconstruction (slightly dangerous; 12% risk of failure)
Press: ? - help, Dir - move target cursor A rock wall.
The wall shatters!
The blast of rock fragments hits Dowan!!
You kill Dowan!
Duvessa screams, "No!
How DARE you!"
Duvessa goes berserk!
Your Conjurations skill increases to level 6!
The blast of rock fragments hits the orc wizard!
You kill the orc wizard!
The blast of rock fragments hits Duvessa!
Duvessa is moderately wounded.
Duvessa hits you with a +5 short sword of speed.
* * * LOW HITPOINT WARNING * * *
Duvessa hits you with a +5 short sword of speed!
You die...

#<# #.# #.# #.# #.#
##### #.#
#...####.###########
+..))e@............#
#..†#)......######.#
#...#.......# #.##
#..o#......)######..#
#.))#...........###.#
..'..[+...>.......#
#.##
....#...####........#
#..# ....#####
#........# ##.## ...
########## #..#


You could see Duvessa (berserk).

Vanquished Creatures
  Maggie (D:6)
  An ice beast (D:5)
  An ogre (D:5)
  2 water moccasin zombies (Ossuary)
  Dowan (D:6)
  A howler monkey (D:5)
  A bullfrog skeleton (D:4)
  An orc priest (D:4)
  2 hounds
  A jelly (D:5)
  4 orc wizards
  5 iguanas
  2 worker ants (D:5)
  A big kobold zombie (Ossuary)
  2 hound skeletons
  2 mummies (Ossuary)
  7 adders
  6 adder zombies
  4 worms
  A dart slug (D:3)
  6 leopard geckos
  25 orcs
  8 bats
  6 giant cockroaches
  A gnoll zombie (Ossuary)
  11 goblins
  6 hobgoblins
  5 kobolds
  A ball python (D:2)
  9 frilled lizards
  8 hobgoblin zombies (Ossuary)
  A jackal skeleton (D:5)
  3 kobold zombies (Ossuary)
  8 orc zombies (Ossuary)
  A quokka skeleton (D:4)
  11 rats
156 creatures vanquished.

Notes
Turn   | Place    | Note
-------+----------+-------------------------------------------
     0 | D:1      | Hartz the Gargoyle Earth Elementalist began the quest for
                  | the Orb.
     0 | D:1      | Reached XP level 1. HP: 10/10 MP: 3/3
   235 | D:1      | Reached XP level 2. HP: 12/15 MP: 3/5
   309 | D:1      | Reached skill level 4 in Earth Magic
   892 | D:2      | Reached XP level 3. HP: 16/19 MP: 7/7
   897 | D:2      | Learned a level 3 spell: Stone Arrow
  1837 | D:3      | Reached skill level 1 in Conjurations
  1837 | D:3      | Reached XP level 4. HP: 23/24 MP: 8/8
  2129 | D:3      | Reached skill level 5 in Earth Magic
  2197 | D:3      | Reached XP level 5. HP: 17/28 MP: 9/9
  2598 | D:3      | Found a snail-covered altar of Cheibriados,
  2760 | D:3      | Found a shattered altar of Ashenzari,
  3120 | D:4      | Found a sand-covered staircase,
  3183 | Ossuary  | Entered an ossuary
  3226 | Ossuary  | Reached XP level 6. HP: 28/32 MP: 11/11
  3244 | Ossuary  | Learned a level 5 spell: Lee's Rapid Deconstruction
  3374 | Ossuary  | Reached skill level 6 in Earth Magic
  3539 | D:4      | Reached XP level 7. HP: 18/36 MP: 7/13
  3945 | D:4      | Found a white marble altar of Elyvilon,
  4009 | D:5      | Entered Level 5 of the Dungeon
  4144 | D:5      | Reached skill level 7 in Earth Magic
  4157 | D:5      | Reached skill level 5 in Spellcasting
  4310 | D:5      | Reached XP level 8. HP: 41/41 MP: 4/15
  4459 | D:5      | Reached skill level 5 in Conjurations
  4704 | D:5      | Found a bloodstained altar of Trog,
  5067 | D:6      | Found a burning altar of Makhleb,
  5218 | D:6      | Noticed Maggie
  5223 | D:6      | Killed Maggie
  5223 | D:6      | Reached skill level 8 in Earth Magic
  5270 | D:6      | Noticed Dowan
  5271 | D:6      | Noticed Duvessa
  5288 | D:6      | Killed Dowan
  5288 | D:6      | Slain by Duvessa

Levels and vault maps discovered:
D:1:      dpeg_arrival_round_c, layout_loops_ring
D:2:      layout_loops_corners, kennysheep_boxes
D:3:      layout_rooms, lemuel_doored_altar, cheibriados_altar_1, first_ration,
          grunt_ministairs_12
D:4:      layout_basic, lemuel_coloured_pillars_altar,
          nicolae_ossuary_entry_false_entrances, corexii_shack,
          kennysheep_decorative_pillar
D:5:      layout_loops_ring, nicolae_overflow_hidden_temple,
          corexii_corridor_pit
D:6:      kb_forest_paths, layout_basic, overflow_temple_1_default,
          kennysheep_okawaru_gauntlet, uniq_maggie, uniq_duvessa, uniq_eustachio

Skill      XL: |  1  2  3  4  5  6  7  8 |
---------------+-------------------------+-----
Earth Magic    | 4 5 6 7 8 |  8.2
Conjurations   | 1 2 3 4 6 |  6.0
Spellcasting   | 3 4 5 |  5.9
Dodging        | |  1.5
Stealth        | |  2.1
Transmutations | |  0.7

Action                   |  1- 3 |  4- 6 |  7- 9 || total
-------------------------+-------+-------+-------++-------
Melee: Club              |    58 |       |       ||    58
       Whip              |    72 |   170 |   133 ||   375
       Flail             |       |   120 |     3 ||   123
 Cast: Sandblast         |    10 |    27 |     9 ||    46
       Lee's Rapid Decon |       |       |     6 ||     6
       Stone Arrow       |       |       |     1 ||     1
Evoke: Wand              |       |       |     5 ||     5
  Use: Scroll            |     8 |       |     9 ||    17
       Potion            |       |       |     2 ||     2
 Stab: Sleeping          |     2 |     2 |     2 ||     6
  Eat: Chunk             |     3 |     5 |    11 ||    19
Armor: Robe              |    48 |   145 |    68 ||   261
Dodge: Dodged            |   104 |   229 |    88 ||   421

Table legend:
 A = Non-vault XP
 B = Vault XP
 C = Vault XP percentage of total XP
 D = Non-vault monster count
 E = Vault monster count
 F = Vault count percentage of total count
                 A         B        C        D         E       F
            +---------+---------+-------+---------+---------+-------
      Total |    1239 |     747 |  37.6 |     121 |      35 |  22.4
            +---------+---------+-------+---------+---------+-------
        D:1 |      28 |       0 |   0.0 |      16 |       0 |   0.0
        D:2 |      50 |       0 |   0.0 |      19 |       0 |   0.0
        D:3 |     151 |      15 |   9.0 |      38 |       2 |   5.0
        D:4 |     241 |       3 |   1.2 |      17 |       1 |   5.6
        D:5 |     684 |       0 |   0.0 |      22 |       0 |   0.0
        D:6 |      85 |     456 |  84.3 |       9 |       2 |  18.2
    Ossuary |       0 |     273 | 100.0 |       0 |      30 | 100.0
            +---------+---------+-------+---------+---------+-------
